Map: Submarine LE

Players

RazerBlader - Winner!

  • Race: Terran Terran
  • League: Master
  • Spawn Location: 11:00

EnDerr

  • Race: Zerg Zerg
  • Spawn Location: 5:00

Event: DreamHack SC2 Masters 2020 Winter

VOD

Have the link to the VOD?

Description

Time

  • Played on: Oct. 17, 2020, 5:45 a.m.
  • Length: 13:13

All games in this series

Show
View Real Time Build Order
Export as new Build Order

RazerBlader Terran - Winner!

Build Orders: Reaper Expand 

Get SALT Encoding   

  12  0:01  SCV  
  13  0:13  SCV  
  14  0:17  Supply Depot  
  14  0:25  SCV  
  15  0:38  SCV  
  15  0:39  Barracks  
  16  0:43  Refinery  
  16  0:50  SCV  
  17  1:03  SCV  
  18  1:15  SCV  
  19  1:26  Reaper  
  19  1:27  Orbital Command  
  20  1:39  Command Center  
  20  1:47  Supply Depot  
  20  1:53  SCV  
  21  1:58  Marine  
  22  2:07  SCV  
  22  2:09  Factory  
  22  2:14  Bunker  
  22  2:17  Marine  
  22  2:19  SCV  
  24  2:26  Refinery  
  24  2:32  SCV  
  24  2:36  Barracks Reactor  
  25  2:44  SCV  
  26  2:50  Orbital Command  
  26  2:53  Hellion  
  26  2:56  SCV  
  29  2:59  Starport  
  29  3:10  SCV  
  30  3:22  SCV  
  34  3:27  Hellion x2  
  34  3:28  SCV  
  34  3:34  SCV  
  36  3:39  Starport Tech Lab  
  36  3:40  Fusion Core, SCV  
  37  3:46  SCV, Supply Depot  
  37  3:48  Marine  
  37  3:51  Hellion  
  37  3:52  SCV  
  37  3:53  Hellion  
  43  3:58  SCV  
  44  4:05  SCV  
  44  4:06  Supply Depot  
  45  4:11  SCV  
  45  4:15  Hellion x2  
  50  4:17  SCV  
  50  4:23  SCV  
  52  4:29  SCV  
  52  4:30  Battlecruiser  
  59  4:32  Barracks Tech Lab  
  59  4:37  SCV  
  60  4:41  SCV  
  61  4:48  Supply Depot  
  61  4:53  Command Center  
  61  4:54  Stimpack  
  61  4:56  SCV  
  62  5:01  Factory Tech Lab  
  62  5:04  Barracks  
  62  5:10  Factory Reactor  
  62  5:12  Barracks  
  62  5:13  Supply Depot  
  62  5:14  SCV  
  62  5:15  Marine  
  62  5:16  Supply Depot  
  65  5:21  SCV  
  65  5:24  Engineering Bay  
  65  5:26  SCV  
  65  5:27  Engineering Bay  
  66  5:33  SCV  
  67  5:38  SCV  
  67  5:40  Refinery x2  
  68  5:43  Starport Reactor  
  66  5:54  Marine  
  66  5:55  Marine x2  
  65  5:58  Terran Infantry Armor Level 1, Terran Infantry Weapons Level 1  
  65  6:06  Orbital Command  
  65  6:07  Siege Tank  
  65  6:08  Marine x2  
  65  6:11  SCV x2  
  71  6:12  Marine  
  71  6:13  Marine x2  
  75  6:21  Medivac  
  75  6:23  SCV  
  75  6:24  Medivac  
  80  6:26  Marine x2  
  80  6:30  Marine, Barracks  
  80  6:32  Barracks  
  83  6:33  Marine  
  83  6:36  Orbital Command  
  83  6:37  Marine  
  83  6:39  Combat Shield  
  85  6:43  Marine  
  85  6:44  Marine  
  85  6:45  Siege Tank  
  90  6:49  SCV x2  
  90  6:51  Marine x2  
  94  6:54  Marine  
  94  7:01  SCV x2, Marine  
  96  7:02  SCV  
  96  7:08  Supply Depot  
  99  7:09  Armory  
  99  7:12  Marine  
  99  7:13  SCV  
  101  7:16  Refinery  
  101  7:19  Barracks Reactor  
  101  7:21  Barracks Reactor  
  101  7:26  Supply Depot  
  101  7:27  Marine, SCV x3  
  105  7:30  Supply Depot, Siege Tank  
  105  7:31  Marine x2  
  110  7:38  Medivac  
  110  7:39  Medivac  
  110  7:40  Marine x2  
  110  7:41  SCV  
  117  7:47  Marine  
  117  7:49  Marine x2  
  120  7:53  SCV x2  
  120  7:54  SCV  
  120  7:57  Supply Depot  
  120  7:58  Marine x3  
  126  7:59  Supply Depot  
  126  8:00  Marine  
  126  8:01  Marine  
  126  8:04  Terran Infantry Weapons Level 2  
  128  8:11  Marine x2  
  128  8:12  Marine  
  121  8:13  Marine  
  121  8:15  Marine  
  121  8:16  Marine  
  121  8:17  Marine  
  121  8:18  Marine x2  
  115  8:24  Missile Turret  
  113  8:29  Marine x2, Terran Infantry Armor Level 2  
  113  8:30  Missile Turret  
  111  8:34  Missile Turret  
  111  8:38  Marine x3  
  114  8:41  Terran Vehicle Weapons Level 1  
  114  8:50  Marine  
  114  8:51  Siege Tank  
  114  8:52  Marine x2  
  114  8:53  Medivac x2  
  121  8:57  Marine  
  121  8:58  Marine x2  
  121  9:00  Marine  
  125  9:04  Marine  
  125  9:06  Marine  
  125  9:08  Marine  
  125  9:09  Marine  
  127  9:14  Marine  
  127  9:15  Factory, Marine  
  127  9:16  Supply Depot  
  130  9:21  Marine  
  130  9:23  Siege Tank, Marine  
  135  9:29  Marine  
  135  9:31  Marine  
  135  9:32  Marine x2  
  135  9:33  Marine  
  135  9:34  Command Center  
  135  9:36  Marine x2  
  141  9:43  Marine x2  
  143  9:46  Supply Depot  
  143  9:47  Marine  
  143  9:49  Marine x2  
  143  9:50  Marine  
  143  9:52  Marine  
  148  9:56  Marine x2  
  148  9:57  Siege Tank  
  152  10:00  Marine  
  152  10:01  Marine  
  152  10:05  Marine  
  154  10:07  Marine x3  
  154  10:10  Marine, Factory Tech Lab  
  154  10:11  Medivac x2  
  162  10:14  Marine  
  162  10:15  Marine  
  162  10:20  Marine  
  162  10:21  Marine  
  129  10:28  Siege Tank  
  129  10:30  Marine  
  129  10:31  Marine x2  
  129  10:34  Marine  
  129  10:35  Marine x3  
  121  10:38  Marine  
  121  10:41  Marine, Medivac x2  
  125  10:48  Marine  
  125  10:49  Marine x2  
  128  10:51  Siege Tank  
  128  10:52  Marine  
  128  10:53  Marine x2  
  128  10:57  Marine x2  
  134  10:59  Marine  
  137  11:06  Marine  
  137  11:07  Marine  
  139  11:11  Medivac  
  139  11:19  Marine x2  
  139  11:21  Planetary Fortress  
  139  11:22  Marine x3  
  139  11:25  Marine x2  
  146  11:28  Marine x2  
  146  11:32  Siege Tank  
  148  11:33  Missile Turret  
  148  11:37  Marine x2  
  148  11:39  Marine  
  137  11:40  Marine x2  
  137  11:43  Marine x2  
  137  11:46  Marine x2  
  136  11:51  SCV  
  136  11:52  SCV x2  
  139  11:55  Marine x2  
  139  11:57  Marine x2  
  139  11:58  Marine  
  139  12:00  Marine  
  139  12:01  Marine  
  143  12:04  Marine x2  
  143  12:06  SCV  
  143  12:07  SCV  
  143  12:08  SCV  
  146  12:09  Missile Turret  
  146  12:13  Marine x2  
  146  12:15  Marine x3  
  142  12:18  Marine x2  
  142  12:19  Siege Tank  
  142  12:21  Marine  
  142  12:22  Marine, SCV  
  138  12:31  Marine x2  
  138  12:33  Marine  
Show
View Real Time Build Order
Export as new Build Order

EnDerr Zerg 

Build Orders: Pool First, Muta Ling Bane 

Get SALT Encoding   

  12  0:00  Drone  
  13  0:13  Overlord  
  13  0:18  Drone  
  14  0:32  Drone x2  
  16  0:42  Spawning Pool  
  15  0:44  Extractor  
  15  0:48  Drone  
  15  0:51  Drone  
  16  0:58  Drone  
  17  1:08  Drone  
  18  1:23  Hatchery  
  17  1:32  Queen  
  19  1:36  Zergling x2  
  20  1:47  Metabolic Boost  
  20  1:50  Zergling x2  
  21  1:55  Overlord  
  21  2:01  Drone  
  22  2:13  Drone, Queen  
  25  2:16  Drone  
  26  2:31  Drone  
  26  2:35  Queen, Zergling x4  
  31  2:43  Drone  
  31  2:44  Drone x2  
  34  2:50  Overlord  
  34  2:59  Drone  
  34  3:01  Pneumatized Carapace  
  35  3:07  Drone  
  35  3:11  Spore Crawler  
  35  3:21  Drone  
  35  3:24  Drone x3  
  38  3:29  Hatchery  
  37  3:38  Overlord  
  37  3:39  Drone x2  
  39  3:46  Drone x2  
  41  3:55  Overlord  
  41  4:02  Zergling x4  
  43  4:04  Drone  
  43  4:06  Zergling x2  
  43  4:07  Drone x2  
  47  4:11  Roach Warren  
  47  4:16  Overlord  
  46  4:19  Extractor  
  46  4:20  Drone  
  46  4:42  Drone x5  
  46  4:43  Drone x4  
  55  4:49  Overlord  
  55  4:53  Lair, Queen  
  55  4:54  Queen  
  59  5:02  Spore Crawler  
  59  5:04  Spore Crawler, Roach x4  
  66  5:07  Roach  
  66  5:10  Spore Crawler  
  66  5:13  Drone  
  66  5:16  Overlord  
  66  5:20  Spore Crawler, Zergling x10  
  70  5:25  Drone x3  
  73  5:34  Drone x4  
  77  5:44  Overlord  
  77  5:46  Drone  
  71  5:53  Drone  
  71  5:54  Drone x3  
  74  6:00  Extractor x2  
  74  6:01  Extractor  
  74  6:04  Drone x5  
  76  6:12  Queen  
  76  6:13  Queen, Spire  
  76  6:16  Drone x4  
  83  6:18  Overlord  
  83  6:20  Extractor  
  82  6:33  Queen  
  84  6:41  Drone x4  
  84  6:45  Overlord x2  
  88  6:47  Drone x2  
  88  6:50  Drone x4  
  88  6:51  Hatchery  
  93  6:56  Drone  
  93  6:57  Drone x2  
  93  6:58  Overlord x2  
  96  7:25  Mutalisk x9  
  96  7:26  Mutalisk  
  96  7:27  Evolution Chamber  
  96  7:28  Evolution Chamber  
  114  7:32  Zergling x4  
  114  7:34  Zergling x4  
  114  7:35  Baneling Nest  
  117  7:39  Zergling x2  
  117  7:40  Zergling x6  
  117  7:43  Zergling x2  
  120  7:52  Zergling x2  
  120  7:53  Extractor  
  120  7:54  Zergling x2, Overlord  
  120  7:55  Zergling x2  
  120  7:56  Zerg Melee Weapons Level 1, Zerg Ground Armor Level 1, Zerg Flyer Weapons Level 1  
  122  7:58  Overlord  
  122  8:02  Overlord x2  
  119  8:06  Overlord  
  108  8:15  Mutalisk x2  
  108  8:17  Drone x2  
  108  8:18  Drone x3  
  103  8:20  Drone, Infestation Pit  
  103  8:21  Drone  
  103  8:25  Drone x2  
  104  8:31  Drone x4  
  104  8:33  Drone  
  109  8:39  Centrifical Hooks  
  109  8:43  Baneling x3  
  109  8:44  Baneling x2, Zergling x2  
  109  8:45  Zergling x2  
  111  8:50  Zergling x10  
  116  8:57  Zergling x2  
  116  8:58  Ravager x4  
  116  8:59  Zergling x4  
  116  9:00  Zergling x4  
  123  9:04  Zergling x2  
  120  9:10  Zergling x4  
  120  9:12  Zergling x6  
  120  9:13  Overlord x3  
  120  9:16  Baneling x6  
  125  9:18  Zergling x2  
  125  9:20  Zergling x2  
  125  9:23  Zergling x6  
  130  9:27  Zergling x2  
  130  9:28  Zergling x2  
  130  9:29  Zergling x4  
  133  9:32  Zergling x2  
  133  9:36  Zergling x6  
  137  9:40  Zergling x8  
  137  9:41  Baneling x2  
  137  9:42  Baneling  
  137  9:45  Zergling x2  
  142  9:48  Zergling x2  
  142  9:51  Zergling x2  
  143  9:53  Baneling x14  
  141  10:02  Zergling x2  
  141  10:03  Zergling x2  
  141  10:04  Zergling x2  
  141  10:06  Zergling x2  
  142  10:08  Zergling x2  
  142  10:10  Zergling x2  
  144  10:14  Zergling x4  
  144  10:20  Zergling x2  
  146  10:21  Zergling x2  
  110  10:29  Mutalisk  
  110  10:31  Mutalisk x4  
  117  10:36  Zergling x2  
  117  10:37  Zergling x12  
  113  10:43  Mutalisk  
  113  10:46  Zergling x2  
  113  10:47  Zergling x10  
  119  10:50  Zergling x2  
  119  10:51  Zergling x2  
  119  10:52  Zerg Melee Weapons Level 2, Zerg Ground Armor Level 2  
  119  10:54  Zergling x2  
  119  10:56  Baneling x5  
  122  10:57  Mutalisk, Baneling x9  
  124  11:08  Zergling x2  
  124  11:10  Zergling x6  
  128  11:13  Zergling x4  
  128  11:16  Mutalisk  
  132  11:18  Mutalisk  
  132  11:23  Zergling x2  
  132  11:24  Zergling x6  
  136  11:26  Zergling x2  
  136  11:28  Zergling x2  
  136  11:30  Zergling x2  
  124  11:33  Zergling x6  
  124  11:34  Zergling x4  
  124  11:35  Zergling x2  
  124  11:36  Zergling x4  
  124  11:37  Zergling x2  
  122  11:43  Baneling  
  122  11:44  Baneling x7  
  117  11:47  Mutalisk x2, Zergling x2  
  117  11:50  Zergling x6  
  117  11:53  Mutalisk x2  
  127  11:58  Zergling x2  
  127  12:00  Mutalisk x2  
  127  12:01  Mutalisk  
  130  12:06  Zergling x14  
  137  12:12  Zergling x2  
  137  12:14  Zergling x2  
  137  12:15  Mutalisk  
  127  12:20  Zergling x2  
  111  12:22  Zergling x2  
  111  12:25  Zergling x2  
Tags
 
Add a new tag
Caveats
  • Supply blocks, unpowered buildings, or Contaminate may cause inaccurate times.
  • Supply counts are checked every 10 seconds.